 Dungeon Crawl Stone Soup version 0.27.1-1-g398f81649c (webtiles) character file.

Game seed: 11606929685306800159

1488 funkygono the Conjurer (level 8, -12/44 HPs)
             Began as a Gargoyle Fire Elementalist on Sept 21, 2021.
             Was a Follower of Vehumet.
             Mangled by a cyclops (24 damage)
             ... on level 6 of the Dungeon.
             The game lasted 00:11:02 (5339 turns).

funkygono the Conjurer (Gargoyle Fire Elementalist) Turns: 5339, Time: 00:11:02

Health: -12/44     AC: 11    Str: 12    XL:     8   Next: 80%
Magic:  6/16       EV: 16    Int: 18    God:    Vehumet [*.....]
Gold:   204        SH:  0    Dex: 10    Spells: 4/18 levels left

rFire    + . .     SeeInvis .   j - +1 eveningstar (venom)
rCold    x . .     Faith    .   (no shield)
rNeg     + . .     Spirit   .   a - +0 robe
rPois    ∞         Reflect  .   h - +0 helmet
rElec    +         Harm     .   m - +1 cloak
rCorr    .         Rampage  .   (no gloves)
Will     .....                  o - +0 pair of boots
Stlth    ++........             (no amulet)
HPRegen  0.14/turn              k - +4 ring of evasion
MPRegen  0.15/turn              s - ring of fire

@: no status effects
A: sickness immunity, AC +5, negative energy resistance 1, electricity
resistance, torment resistance 1, petrification resistance
a: Renounce Religion


You were on level 6 of the Dungeon.
You worshipped Vehumet.
Vehumet was aware of your devotion.
You visited 1 branch of the dungeon, and saw 6 of its levels.

You collected 204 gold pieces.

Inventory:

Hand Weapons
 d - a +0 mace
 g - a +0 whip
 j - a +1 eveningstar of venom (weapon)
Missiles
 b - 2 throwing nets
 c - 156 stones
Armour
 a - a +0 robe (worn)
 h - a +0 helmet (worn)
 m - a +1 cloak (worn)
 o - a +0 pair of boots (worn)
Magical Staves
 u - a staff of death
Jewellery
 k - a +4 ring of evasion (left hand)
 s - a ring of fire (right hand)
Wands
 l - a wand of acid (7)
 n - a wand of mindburst (6)
 q - a wand of paralysis (1)
 v - a wand of digging (6)
Scrolls
 r - a scroll of teleportation
Potions
 e - 2 potions of flight
 f - 2 potions of mutation
 i - a potion of haste
 p - a potion of resistance {unknown}


   Skills:
 + Level 2.0 Fighting
 + Level 2.5 Maces & Flails
 + Level 2.2 Dodging
 - Level 2.1 Stealth
 * Level 5.9 Spellcasting
 * Level 6.1 Conjurations
 * Level 6.0 Fire Magic


You had 4 spell levels left.
You knew the following spells:

 Your Spells              Type           Power      Damage    Failure   Level
a - Foxfire               Conj/Fire      100%       2x1d9     1%          1
b - Conjure Flame         Conj/Fire      40%        6-21      3%          3
c - Sticky Flame          Conj/Fire      40%        2d6       10%         4
d - Fireball              Conj/Fire      20%        3d10      28%         5
e - Shock                 Conj/Air       64%        1d7       3%          1

Your spell library contained the following spells:

 Spells                   Type           Power      Damage    Failure   Level
 Inner Flame              Hex/Fire       24%        N/A       11%         3
 Freeze                   Ice            20%        1d4       12%         1
 Hailstorm                Conj/Ice       16%        3d6       34%         4
 Frozen Ramparts          Ice            10%        1d3       36%         3


Dungeon Overview and Level Annotations

Branches:
Dungeon (6/15)             Temple (0/1) D:5

Altars:
Fedhas
Nemelex Xobeh
Vehumet

Shops:
D:2 *


Innate Abilities, Weirdness & Mutations

You are immune to sickness and miasma.
Your stone body is resilient. (AC +5)
You are immune to poison.
You resist negative energy. (rN+)
You are resistant to electric shocks. (rElec)
You are resistant to unholy torment.
You are immune to petrification.


Message History

Eustachio mumbles some strange words.
Eustachio blinks!
The cyclops throws a large rock.
The large rock misses you. The river rat closely misses you.
Eustachio burns!
Casting: Sticky Flame (quite dangerous; 11% risk of failure)
Confirm with . or Enter, or press ? or * to list all spells.
You feel a surge of power!
You conjure some foxfire!
Eustachio burns!
You kill Eustachio!
Vehumet accepts your kill.
The river rat disappears in a puff of smoke!
The cyclops throws a large rock.
The large rock hits you!!
Ouch! That really hurt!
Your Fighting skill increases to level 2!
Your Conjurations skill increases to level 6!
Your Fire Magic skill increases to level 6!
The foxfire hits the cyclops.
The cyclops is lightly wounded.
Your foxfire dissipates!
You puncture the cyclops!
The cyclops is moderately wounded.
The cyclops hits you!
* * * LOW HITPOINT WARNING * * *
Unknown command.
Casting: Foxfire (safe; 1% risk of failure)
Confirm with . or Enter, or press ? or * to list all spells.
The spell is quite dangerous to cast (10% risk of failure)!
Continue anyway?
Okay, then.
Unknown command.
Casting: Sticky Flame (quite dangerous; 10% risk of failure)
Confirm with . or Enter, or press ? or * to list all spells.
The spell is quite dangerous to cast (10% risk of failure)!
Continue anyway?
Aiming: Sticky Flame (quite dangerous; 10% risk of failure)
Press: ? - help, Shift-Dir - straight line, f - cyclops
Aim: a cyclops, quivering large rocks (moderately wounded, 100% to hit)
You feel a surge of power!
The sticky flame hits the cyclops!
The cyclops is heavily wounded.
The cyclops is covered in liquid flames!
The cyclops burns!
The cyclops hits you!!
Ouch! That really hurt!
You die...

#### ... ... ..
### #. .(.
#.###.###
######.......##
.......@C......
...###).####.##
#..# ###
##.###..### #.#
.......<..# #.#
##.####.#†# #.#
#.#.# #.# #.#(#
#.# #.#.# #.#


You could see a cyclops (burning).

Vanquished Creatures
  Grinder (D:3)
  Eustachio (D:6)
  An acid dragon (D:4)
  A water moccasin (D:5)
  An orc warrior (D:5)
  3 ogres (D:5)
  A scorpion (D:6)
  A bullfrog zombie (D:6)
  An orc priest (D:4)
  2 hounds
  A bullfrog skeleton (D:6)
  4 orc wizards
  A scorpion zombie (D:5)
  A statue (D:4)
  A hound skeleton (D:4)
  Robin (D:3)
  6 gnolls (D:5)
  A howler monkey skeleton (D:4)
  4 adders
  An ufetubus (D:6)
  An adder skeleton (D:5)
  5 dart slugs
  A worm (D:3)
  10 orcs
  3 ball pythons
  5 bats
  11 endoplasms
  10 goblins
  12 hobgoblins
  5 quokkas
  2 frilled lizards
  12 kobolds
  4 rats
115 creatures vanquished.

Vanquished Creatures (others)
  361 foxfires
  A plant (D:5)
362 creatures vanquished.

Grand Total: 477 creatures vanquished

Notes
Turn   | Place    | Note
-------+----------+-------------------------------------------
     0 | D:1      | funkygono the Gargoyle Fire Elementalist began the quest
                  | for the Orb.
     0 | D:1      | Reached XP level 1. HP: 10/10 MP: 3/3
   394 | D:1      | Reached XP level 2. HP: 10/15 MP: 3/5
  1168 | D:1      | Reached XP level 3. HP: 19/19 MP: 3/6
  1263 | D:1      | Learned a level 3 spell: Conjure Flame
  1368 | D:2      | Found Urphoam's Assorted Antiques.
  1640 | D:2      | Found a faded altar of an unknown god.
  2045 | D:2      | Identified a scroll of acquirement
  2045 | D:2      | Acquired a +1 eveningstar of venom
  2066 | D:3      | Noticed Grinder
  2073 | D:3      | Killed Grinder
  2074 | D:3      | Reached XP level 4. HP: 24/24 MP: 0/9
  2074 | D:3      | Reached XP level 5. HP: 28/28 MP: 0/10
  2074 | D:3      | Reached XP level 6. HP: 33/33 MP: 0/11
  2080 | D:3      | Learned a level 4 spell: Sticky Flame
  2205 | D:3      | Reached skill level 1 in Fighting
  2357 | D:3      | Noticed Robin
  2383 | D:3      | Killed Robin
  3493 | D:4      | Reached XP level 7. HP: 38/38 MP: 10/13
  3499 | D:4      | Learned a level 5 spell: Fireball
  3577 | D:4      | Found a radiant altar of Vehumet.
  3636 | D:4      | Became a worshipper of Vehumet
  3689 | D:5      | Entered Level 5 of the Dungeon
  3772 | D:5      | Reached skill level 1 in Maces & Flails
  3772 | D:5      | Reached skill level 5 in Fire Magic
  4051 | D:5      | Found a staircase to the Ecumenical Temple.
  4217 | D:5      | Found a blossoming altar of Fedhas.
  4313 | D:4      | Reached * piety under Vehumet
  4313 | D:4      | Offered knowledge of Shock by Vehumet.
  4325 | D:5      | Learned a level 1 spell: Shock
  4485 | D:5      | Reached skill level 5 in Spellcasting
  4485 | D:5      | Reached skill level 5 in Conjurations
  4485 | D:5      | Reached XP level 8. HP: 30/43 MP: 12/15
  5038 | D:5      | Found a sparkling altar of Nemelex Xobeh.
  5325 | D:6      | Noticed Eustachio
  5330 | D:6      | Noticed a cyclops
  5335 | D:6      | Killed Eustachio
  5339 | D:6      | Mangled by a cyclops

Illustrated notes

Levels and vault maps discovered:
D:1:      kilobyte_arrival_exit_the_forest, layout_rooms
D:2:      minmay_general_purpose_star, layout_rooms, basic_ecumenical_altar,
          serial_shops, nicolae_shop_temple_entry_statues_fountains
D:3:      layout_loops_ring, uniq_robin, uniq_grinder
D:4:      layout_rooms, vehumet_statue
D:5:      layout_loops_ring, fedhas_altar_1, nemelex_dance_club_becter,
          minmay_temple_entry_mist
D:6:      layout_basic, nicolae_kikubaaqudgha_miasma_corner,
          nicolae_shop_self_help, uniq_eustachio

Skill      XL: |  1  2  3  4  5  6  7  8 |
---------------+-------------------------+-----
Conjurations   | 3 4 5 6 |  6.1
Spellcasting   | 3 4 5 |  5.9
Fire Magic     | 4 5 6 |  6.0
Fighting       | 1 2 |  2.0
Maces & Flails | 1 2 |  2.5
Dodging        | 2 |  2.2
Stealth        | |  2.1

Action                   |  1- 3 |  4- 6 |  7- 9 || total
-------------------------+-------+-------+-------++-------
Melee: Club              |     2 |       |       ||     2
       Mace              |     9 |       |       ||     9
       Eveningstar       |     1 |    15 |    50 ||    66
 Cast: Foxfire           |    66 |    59 |    91 ||   216
       Sticky Flame      |       |       |     5 ||     5
Evoke: Wand              |       |       |     1 ||     1
  Use: Scroll            |     5 |     1 |     3 ||     9
       Potion            |       |       |     1 ||     1
 Stab: Sleeping          |     1 |       |       ||     1
Armor: Robe              |     4 |    13 |    24 ||    41
Dodge: Dodged            |    20 |    18 |    55 ||    93
